Map: Blackpink LE

Players

Cyan - Winner!

  • Race: Protoss Protoss
  • Spawn Location: 7:00

Probe

  • Race: Protoss Protoss
  • Spawn Location: 1:00

Event: WCS Leipzig 2018

VOD

Have the link to the VOD?

Description

Time

  • Played on: Jan. 26, 2018, 1:03 p.m.
  • Length: 7:50

All games in this series

Show
View Real Time Build Order
Export as new Build Order

Cyan Protoss - Winner!

Build Orders: Oracle Opening 

Get SALT Encoding   

  12  0:00  Probe  
  13  0:12  Probe  
  14  0:17  Pylon  
  14  0:24  Probe (Chrono Boost)  
  15  0:36  Gateway  
  15  0:37  Probe (Chrono Boost)  
  16  0:45  Probe (Chrono Boost)  
  16  0:47  Assimilator  
  17  0:51  Probe (Chrono Boost)  
  17  0:55  Assimilator  
  18  1:03  Probe (Chrono Boost)  
  19  1:11  Probe (Chrono Boost)  
  20  1:14  Gateway  
  20  1:17  Probe  
  20  1:23  Cybernetics Core  
  21  1:29  Probe  
  22  1:33  Pylon  
  22  1:41  Probe  
  23  1:53  Probe  
  24  1:58  Warp Gate (Chrono Boost)  
  24  2:00  Adept  
  24  2:01  Adept  
  28  2:03  Pylon  
  28  2:24  Pylon  
  28  2:27  Stalker  
  28  2:28  Stalker  
  32  2:42  Stargate  
  32  2:57  Stalker x2  
  36  3:14  Nexus  
  36  3:25  Pylon  
  37  3:33  Oracle  
  39  3:39  Shield Battery  
  39  3:43  Probe  
  40  3:55  Probe  
  39  4:02  Robotics Facility  
  37  4:10  Shield Battery, Sentry  
  39  4:20  Probe  
  40  4:24  Pylon  
  40  4:25  Oracle (Chrono Boost)  
  40  4:29  Probe  
  44  4:33  Probe  
  45  4:41  Probe  
  46  4:45  Probe  
  46  4:50  Observer (Chrono Boost)  
  48  4:53  Probe  
  48  4:58  Probe  
  50  5:01  Pylon  
  50  5:05  Probe  
  50  5:06  Immortal (Chrono Boost)  
  51  5:10  Probe  
  56  5:17  Probe  
  56  5:20  Gateway  
  57  5:22  Probe  
  57  5:24  Gateway  
  58  5:29  Probe  
  58  5:30  Observer  
  59  5:37  Probe  
  59  5:38  Immortal (Chrono Boost)  
  59  5:42  Pylon  
  64  5:43  Sentry  
  64  5:45  Probe  
  67  5:59  Probe  
  67  6:00  Stalker  
  67  6:02  Probe  
  71  6:07  Observer (Chrono Boost)  
  71  6:11  Probe  
  73  6:13  Adept  
  73  6:14  Probe  
  73  6:16  Assimilator  
  73  6:18  Forge  
  76  6:19  Assimilator  
  76  6:20  Stalker  
  76  6:23  Probe, Stalker  
  81  6:26  Pylon  
  81  6:31  Probe  
  82  6:39  Twilight Council  
  82  6:43  Zealot x2, Pylon  
  82  6:46  Pylon  
  86  7:10  Immortal  
  86  7:12  Gateway  
  86  7:15  Gateway  
Show
View Real Time Build Order
Export as new Build Order

Probe Protoss 

Build Orders: Dark Templar Rush 

Get SALT Encoding   

  12  0:00  Probe  
  13  0:12  Probe  
  14  0:17  Pylon  
  14  0:24  Probe  
  15  0:35  Gateway  
  15  0:37  Probe (Chrono Boost)  
  16  0:47  Probe (Chrono Boost), Assimilator  
  17  0:52  Probe (Chrono Boost)  
  17  0:55  Assimilator  
  18  1:03  Probe (Chrono Boost)  
  19  1:08  Gateway  
  19  1:12  Probe (Chrono Boost)  
  19  1:17  Probe  
  20  1:23  Cybernetics Core  
  21  1:29  Probe  
  22  1:37  Pylon  
  22  1:42  Probe  
  23  1:56  Probe  
  23  2:00  Warp Gate (Chrono Boost)  
  23  2:01  Stalker x2  
  28  2:08  Probe  
  29  2:14  Pylon  
  29  2:35  Nexus  
  29  2:46  Twilight Council  
  29  2:51  Stalker  
  31  3:00  Stalker  
  33  3:18  Shield Battery  
  33  3:19  Probe  
  34  3:22  Dark Shrine  
  34  3:34  Pylon  
  34  3:36  Probe  
  35  3:41  Shield Battery  
  35  3:55  Probe (Chrono Boost)  
  32  3:56  Probe (Chrono Boost)  
  32  4:06  Sentry  
  32  4:07  Probe (Chrono Boost)  
  32  4:08  Probe (Chrono Boost)  
  36  4:10  Forge  
  36  4:11  Pylon  
  36  4:12  Probe (Chrono Boost)  
  36  4:13  Probe (Chrono Boost)  
  37  4:21  Probe  
  38  4:24  Probe  
  39  4:33  Probe, Dark Templar  
  39  4:37  Probe (Chrono Boost), Sentry  
  42  4:45  Probe (Chrono Boost)  
  44  4:55  Probe (Chrono Boost), Phoenix, Protoss Ground Weapons Level 1 (Chrono Boost)  
  44  4:56  Probe (Chrono Boost)  
  45  5:00  Probe (Chrono Boost)  
  45  5:01  Probe (Chrono Boost)  
  47  5:12  Probe  
  47  5:13  Probe, Nexus  
  49  5:24  Probe  
  49  5:26  Pylon  
  50  5:28  Probe  
  47  5:36  Probe  
  47  5:41  Probe  
  47  5:42  Pylon  
  47  5:46  Charge  
  47  5:47  Sentry  
  47  5:48  Probe  
  50  5:52  Pylon  
  50  5:53  Probe  
  51  6:00  Probe  
  51  6:01  Robotics Facility  
  51  6:05  Probe  
  50  6:12  Probe  
  50  6:15  Gateway  
  50  6:17  Probe, Gateway  
  52  6:31  Gateway x2  
  52  6:34  Gateway  
  52  6:46  Zealot x2  
  56  7:01  Pylon x2  
  54  7:02  Probe  
  54  7:03  Assimilator  
  54  7:04  Shield Battery, Assimilator  
  55  7:13  Templar Archives  
  55  7:17  Probe  
  55  7:19  Zealot  
  55  7:20  Zealot  
  60  7:24  Zealot  
  60  7:25  Zealot  
  54  7:30  Zealot  
  54  7:33  Probe  
  54  7:34  Zealot  
  51  7:41  Zealot  
  46  7:45  Zealot  
Tags
 
Add a new tag
Caveats
  • Supply blocks, unpowered buildings, or Contaminate may cause inaccurate times.
  • Supply counts are checked every 10 seconds.